 Dungeon Crawl Stone Soup version 0.29-a0-723-gce39da1c22 (webtiles) character file.

Game seed: 240130304113309869

5499 buhh the Thaumaturge (level 11, -11/77 HPs)
             Began as a Djinni Transmuter on June 28, 2022.
             Was a Believer of Cheibriados.
             Mangled by an orc knight
             ... wielding a +0 trident
              (24 damage)
             ... in a bailey.
             The game lasted 00:27:28 (13953 turns).

buhh the Thaumaturge (Djinni Transmuter)           Turns: 13953, Time: 00:27:28

Health: -11/77     AC:  9    Str: 14    XL:     11   Next: 1%
Gold:   650        EV: 16    Int: 24    God:    Cheibriados [**....] SH:  0 Dex: 25

rFire   + + .      SeeInvis .     - Unarmed
rCold   x . .      Faith    .   (no shield)
rNeg    . . .      Spirit   .   a - +0 robe
rPois   ∞          Reflect  .   (no helmet)
rElec   .          Harm     .   (no cloak)
rCorr   .          Rampage  .   k - +2 pair of gloves
Will    +....                   (boots unavailable)
Stlth   ++........              (no amulet)
HPRegen 0.22/turn               e - +4 ring of protection
MPRegen 0.00/turn               d - +6 ring of dexterity

@: flying, very slow
A: sickness immunity, fire resistance 2, cold vulnerability 1, float, innate
caster, HP casting, extra vitality 1
a: Renounce Religion, Bend Time


You were in a bailey.
You worshipped Cheibriados.
Cheibriados was pleased with you.
You visited 2 branches of the dungeon, and saw 10 of its levels.
You also visited: Ossuary and Bailey.

You collected 650 gold pieces.

Inventory:

Missiles
 c - 14 poisoned darts
 s - 2 atropa-tipped darts
Armour
 a - a +0 robe (worn)
 k - a +2 pair of gloves (worn)
 A - the +0 shadow dragon scales of the Bull {-Cast rElec rPois Str-2 Stlth++++}
   (You found it in a bailey)

   Str:       It affects your strength (-2).
   rElec:     It insulates you from electricity.
   rPois:     It protects you from poison.
   -Cast:     It prevents spellcasting.
   Stlth:     It makes you much more stealthy.
Magical Staves
 q - a staff of conjuration
Jewellery
 d - a +6 ring of dexterity (right hand)
 e - a +4 ring of protection (left hand)
 m - a ring of see invisible
 y - a ring of resist corrosion
Wands
 f - a wand of flame (21)
 g - a wand of polymorph (2)
 i - a wand of charming (6)
 F - a wand of iceblast (2)
Scrolls
 b - 3 scrolls of noise
 t - 7 scrolls of teleportation {!d}
 u - a scroll of fear {!r}
 B - 2 scrolls of silence {!r}
 D - 4 scrolls of enchant weapon
 P - a scroll of magic mapping {!r!d}
 Q - a scroll of fog
 X - 2 scrolls of amnesia
 Z - a scroll of enchant armour
Potions
 h - 3 potions of attraction
 j - 4 potions of brilliance {unknown}
 l - 2 potions of berserk rage {unknown}
 n - 2 potions of ambrosia {unknown}
 o - a potion of magic {unknown}
 p - 2 potions of mutation {unknown}
 r - 2 potions of flight {unknown}
 v - a potion of curing {unknown}
 w - a potion of degeneration {unknown}
 z - a potion of resistance {unknown}
 C - a potion of cancellation {unknown}
Miscellaneous
 x - a condenser vane (inert)


   Skills:
 - Level 6.3 Fighting
 - Level 5.0 Dodging
 - Level 3.0 Unarmed Combat
 + Level 10.7 Spellcasting


You had 8 spell levels left.
You knew the following spells:

 Your Spells              Type           Power      Damage    Failure   Level
a - Beastly Appendage     Tmut           100%       N/A       1%          1
b - Wereblood             Tmut           59%        N/A       1%          2
c - Spider Form           Tmut/Pois      59%        N/A       1%          3
d - Ice Form              Ice/Tmut       59%        N/A       1%          4
e - Necrotize             Necr           100%       1d9       1%          1
f - Scorch                Fire           100%       2d10      1%          2
g - Vampiric Draining     Necr           59%        2d10      1%          3
h - Portal Projectile     Hex/Tloc       100%       N/A       1%          3
i - Airstrike             Air            29%        N/A       1%          4
Your spell library was empty.

Dungeon Overview and Level Annotations

Branches:
Dungeon (9/15) Zot: 40230  Temple (1/1) D:7 Zot: 8877 Ossuary (visited)
 Bailey (1/1) Zot: 8012
   Lair: D:8-11         Orc: D:9-12

Altars:
Cheibriados
Dithmenos
Elyvilon
Fedhas
Hepliaklqana
Kikubaaqudgha
Makhleb
Okawaru
Qazlal
Ru
Sif Muna
Trog
Uskayaw
Vehumet
Wu Jian
Zin
The Shining One

Shops:
D:1 :

Annotations:
D:5 1 transporter, Sigmund; YayAnonymity's ghost, amateur TrGl


Innate Abilities, Weirdness & Mutations

You are immune to sickness and miasma.
You are immune to poison.
Your flesh is very heat resistant. (rF++)
You are vulnerable to cold. (rC-)
You float through the air rather than walking.
You learn spells naturally, not from books.
Your magical power is your life essence.
You have superior vitality. (+4 MHP)


Message History

The orc knight is engulfed in blazing flames.
Aiming: Iceblast
Press: ? - help, Shift-Dir - straight line, f/p - orc knight
Aim: an orc knight, wielding a +0 trident and wearing a +0 crystal plate armour (moderately wounded)
The mass of ice explodes!
The iceblast engulfs the orc knight but does no damage.
The orc knight is moderately wounded.
Aiming: Iceblast
Press: ? - help, Shift-Dir - straight line, f/p - orc knight
Aim: an orc knight, wielding a +0 trident and wearing a +0 crystal plate armour (moderately wounded)
The mass of ice explodes!
The iceblast engulfs the orc knight!
The orc knight is heavily wounded.
The orc knight barely misses you.
Aiming: Iceblast
Press: ? - help, Shift-Dir - straight line, f/p - orc knight
Aim: an orc knight, wielding a +0 trident and wearing a +0 crystal plate armour (heavily wounded)
The mass of ice explodes!
The iceblast engulfs the orc knight!
The orc knight is heavily wounded.
The orc knight hits you from afar with a +0 trident!
The orc knight closely misses you.
Flames lash the orc knight.
The orc knight is severely wounded.
The orc knight's fire resistance burns away.
The orc knight misses you.
Flames lash the orc knight but do no damage.
The orc knight hits you from afar with a +0 trident!!
Flames lash the orc knight but do no damage.
The orc knight completely misses you.
Flames lash the orc knight.
The orc knight is burned terribly!
The orc knight is severely wounded.
The orc knight misses you.
Flames lash the orc knight but do no damage.
The orc knight hits you from afar with a +0 trident!!
* * * LOW HITPOINT WARNING * * *
Aiming: Charm
Press: ? - help, Shift-Dir - straight line, f/p - orc knight
Aim: an orc knight, wielding a +0 trident and wearing a +0 crystal plate armour (severely wounded, more vulnerable to fire, chance to affect: 31%)
The orc knight easily resists.
The orc knight hits you from afar with a +0 trident!!
You die...

########)###'#############.≈.#
#.....##.........## ....##.≈.#
##...##..§≈≈≈≈≈≈..##...##..≈.#
.##.##..≈≈.....≈≈..'# ##..≈≈.#
..#'#....).⌠∩⌠......# #..≈≈.##
..#'#..≈§...⌠...§§..#+#..≈≈.∩#
.##.##..≈≈....o≈≈..##.##..≈≈.#
##...#'.§≈≈≈.≈≈§..##.$.##..≈.#
#.....##........@## $$.##.≈.#
############'#############.≈.#
........##.....##........))).#
≈≈≈≈≈≈≈..##[..##..≈≈≈≈≈))≈≈).#
......≈≈..##.##..≈≈...).....)#
#####..≈≈..###..≈≈..######..##
##..≈≈.....≈≈..## ##..#
##..≈≈≈≈≈≈≈..## #..##
##.........## ##∩∩#


You could see an orc knight (combustible).

Vanquished Creatures
  A boulder beetle (D:7)
  Maurice (D:8)
  2 hornets (D:8)
  Prince Ribbit (D:6)
  A wraith (Ossuary)
  A wyvern (D:7)
  3 water moccasins
  Duvessa (D:7)
  3 ice beasts
  6 orc warriors
  An ogre (D:6)
  2 phantoms
  3 bullfrogs
  3 necrophages
  2 wights
  2 scorpions
  Dowan (D:7)
  8 killer bees
  2 howler monkeys
  3 jellies
  5 hounds
  2 gnoll shamans
  3 orc priests
  4 iguanas
  5 orc wizards
  A mummy (Ossuary)
  Robin (D:3)
  9 gnolls
  8 adders
  A shadow imp (D:5)
  2 white imps
  2 ufetubi
  5 worms
  A dart slug (D:2)
  43 orcs
  8 ball pythons
  4 endoplasms
  7 giant cockroaches
  24 goblins
  2 hobgoblins (D:3)
  4 quokkas
  3 bats
  3 frilled lizards
  7 gnoll skeletons (Ossuary)
  3 kobolds
  6 kobold skeletons (Ossuary)
  12 orc skeletons (Ossuary)
  3 rats
225 creatures vanquished.

Vanquished Creatures (collateral kills)
  3 wights (D:9)
3 creatures vanquished.

Grand Total: 228 creatures vanquished

Notes
Turn   | Place    | Note
-------+----------+-------------------------------------------
     0 | D:1      | buhh the Djinni Transmuter began the quest for the Orb.
     0 | D:1      | buhh set off with the following spells memorised: Beastly
                  | Appendage, Wereblood, Spider Form, Ice Form.
     0 | D:1      | Reached XP level 1. HP: 17/17 MP: 0/0
   404 | D:1      | Found Joddeq's Book Shop.
   656 | D:1      | Reached XP level 2. HP: 20/22 MP: 0/0
   898 | D:1      | Found a faded altar of an unknown god.
  2037 | D:2      | Reached skill level 2 in Spellcasting
  2037 | D:2      | Reached XP level 3. HP: 23/28 MP: 0/0
  2037 | D:2      | Learned a level 1 spell: Necrotize
  2624 | D:2      | Reached XP level 4. HP: 20/33 MP: 0/0
  3335 | D:3      | Reached XP level 5. HP: 34/39 MP: 0/0
  3335 | D:3      | Learned a level 2 spell: Scorch
  3467 | D:4      | Found a sand-covered staircase.
  3687 | Ossuary  | Entered an ossuary
  3687 | Ossuary  | Noticed a wraith
  3687 | Ossuary  | Noticed a wraith
  3687 | Ossuary  | Noticed a wraith
  3924 | Ossuary  | Noticed a wraith
  3971 | Ossuary  | Killed a wraith
  3972 | Ossuary  | Reached skill level 3 in Spellcasting
  3972 | Ossuary  | Reached XP level 6. HP: 25/46 MP: 0/0
  4392 | D:4      | Noticed Robin
  4719 | D:3      | Reached XP level 7. HP: 49/51 MP: 0/0
  4719 | D:3      | Learned a level 3 spell: Vampiric Draining
  4723 | D:3      | Killed Robin
  6279 | D:4      | Found a hide-covered altar of Uskayaw.
  6392 | D:5      | Entered Level 5 of the Dungeon
  6657 | D:5      | Found a glowing golden altar of the Shining One.
  6683 | D:5      | Noticed Sigmund
  7093 | D:5      | Found a transporter.
  7119 | D:5      | Reached skill level 4 in Spellcasting
  7505 | D:5      | Reached XP level 8. HP: 34/59 MP: 0/0
  7868 | D:5      | Noticed YayAnonymity's ghost (amateur TrGl)
  7869 | D:5      | Identified the +10 giant club of Ashenzari's Favour {holy,
                  | rElec rF- rN+ Int+4}
  8402 | D:6      | Noticed Prince Ribbit
  8415 | D:6      | Killed Prince Ribbit
  8416 | D:6      | Reached skill level 5 in Spellcasting
  8803 | D:6      | Reached XP level 9. HP: 67/67 MP: 0/0
  8803 | D:6      | Learned a level 3 spell: Portal Projectile
  8900 | D:6      | Reached skill level 6 in Spellcasting
  9778 | D:7      | Noticed a boulder beetle
  9786 | D:7      | Reached skill level 7 in Spellcasting
  9819 | D:7      | Killed a boulder beetle
  9820 | D:7      | Reached skill level 8 in Spellcasting
 10173 | D:7      | Reached XP level 10. HP: 61/73 MP: 0/0
 10261 | D:7      | Noticed Dowan
 10847 | D:7      | Found a staircase to the Ecumenical Temple.
 10853 | Temple   | Entered the Ecumenical Temple
 10910 | Temple   | Became a worshipper of Cheibriados the Contemplative
 11407 | D:7      | Reached skill level 9 in Spellcasting
 11513 | D:7      | Noticed Duvessa
 11524 | D:7      | Killed Duvessa
 11524 | D:7      | Reached * piety under Cheibriados
 11528 | D:7      | Killed Dowan
 12021 | D:8      | Noticed Maurice
 12042 | D:8      | Killed Maurice
 12273 | D:8      | Reached skill level 10 in Spellcasting
 12723 | D:8      | Found a glowing silver altar of Zin.
 12909 | D:9      | Found a flagged portal.
 12934 | D:9      | Reached ** piety under Cheibriados
 13094 | Bailey   | Entered a bailey
 13686 | Bailey   | Reached XP level 11. HP: 46/77 MP: 0/0
 13686 | Bailey   | Learned a level 4 spell: Airstrike
 13871 | Bailey   | Identified the +0 shadow dragon scales of the Bull {-Cast
                  | rElec rPois Str-2 Stlth++++}
 13927 | Bailey   | Noticed an orc knight
 13953 | Bailey   | Mangled by an orc knight

Illustrated notes

Levels and vault maps discovered:
D:1:      lemuel_arrival_broad_hall, layout_loops_corners, serial_shops,
          nicolae_shop_window_shopping, ebering_ecumenical_altar_rust,
          grunt_decor_junction, chequers_serial_rivers_micro_e,
          dreamdust_princess_corridor, minmay_misc_feat_diagonals
D:2:      layout_basic
D:3:      layout_basic, kennysheep_orc_sif_temple, kennysheep_cluttered_room,
          patterned_corridor
D:4:      layout_rooms, nicolae_overflow_crystal_walls,
          nicolae_ossuary_entry_monument, uniq_robin
D:5:      layout_loops_ring, tso_altar, gammafunk_ghost_smash,
          grunt_decor_one_mirror, uniq_sigmund
D:6:      wad_river_or_something, layout_basic, uniq_prince_ribbit1
D:7:      layout_gridville, minmay_temple_entry_hall, serial_park_tiny_pond,
          minmay_stone_trees_medium, chequers_arboretum, grunt_tough_drop,
          uniq_duvessa
D:8:      layout_loops_ring, zin_treasury, uniq_maurice
D:9:      layout_small_grid, serial_shops, shop_statue, enter_bailey_5,
          chequers_serial_rivers_micro_e
Temple:   kb_temple_of_zot
Bailey:   bailey_polearm_1, bailey

Skill      XL: |  1  2  3  4  5  6  7  8  9 10 |
---------------+-------------------------------+-----
Spellcasting   | 2 3 4 5 8 10 | 10.7
Fighting       | 2 3 5 6 |  6.3
Dodging        | 3 4 5 |  5.0
Unarmed Combat | |  3.0

Action                   |  1- 3 |  4- 6 |  7- 9 | 10-12 || total
-------------------------+-------+-------+-------+-------++-------
Melee: Unarmed           |   101 |   187 |   413 |   238 ||   939
       Headbutt          |     6 |     1 |       |       ||     7
       Punch             |     3 |     2 |     3 |       ||     8
 Cast: Beastly Appendage |    10 |     1 |       |       ||    11
       Necrotize         |     9 |       |       |       ||     9
       Spider Form       |     1 |    14 |    46 |    23 ||    84
       Scorch            |       |    17 |     2 |     5 ||    24
       Wereblood         |       |     1 |       |     2 ||     3
       Vampiric Draining |       |       |       |     6 ||     6
       Ice Form          |       |       |       |     1 ||     1
Evoke: Wand              |       |       |       |    10 ||    10
       Condenser vane    |       |       |       |     1 ||     1
  Use: Potion            |     1 |     2 |     2 |       ||     5
       Scroll            |     4 |     7 |     5 |    10 ||    26
 Stab: Sleeping          |     2 |       |     3 |     1 ||     6
Armor: Skin              |     7 |    25 |    43 |    24 ||    99
       Robe              |    28 |    33 |    21 |     2 ||    84
Dodge: Dodged            |    67 |   201 |   395 |   340 ||  1003

Table legend: (Time is in decaauts)
 A = Elapsed time spent in this place.
 B = Non-inter-level travel time spent in this place.
 C = Inter-level travel time spent in this place.
 D = Time resting spent in this place.
 E = Time spent auto-exploring this place.
 F = Levels seen in this place.
 G = Mean time per level.
                   A        B        C        D        E       F      G
               +--------+--------+--------+--------+--------+-----+--------+
         Total |  14537 |  14142 |    395 |   3861 |   7625 |  12 | 1211.4 |
       Dungeon |  12870 |  12519 |    351 |   3437 |   7057 |   9 | 1430.0 |
        Temple |     94 |     51 |     43 |      0 |     41 |   1 |   94.0 |
       Ossuary |    585 |    585 |      0 |    154 |    154 |   1 |  585.0 |
        Bailey |    987 |    987 |      0 |    270 |    372 |   1 |  987.0 |
               +--------+--------+--------+--------+--------+-----+--------+

Top non-repeatable levels by time:
     D:7: 2371 daAuts
     D:3: 1964 daAuts
     D:6: 1804 daAuts
     D:1: 1646 daAuts
     D:5: 1515 daAuts
     D:2: 1308 daAuts
     D:8: 1105 daAuts
  Bailey: 987 daAuts
     D:4: 884 daAuts
 Ossuary: 585 daAuts
     D:9: 269 daAuts
  Temple: 94 daAuts
